 Dungeon Crawl Stone Soup version 0.31-a0-986-g5e6e4ef867 (webtiles) character file.

Game seed: 12626739149472938063

2584 gelatine the Firebug (level 9, -7/65 HPs)
             Began as a Demonspawn Fire Elementalist on Nov 7, 2023.
             Was a Believer of Vehumet.
             Mangled by a gargoyle
             ... wielding a +0 flail
              (17 damage)
             ... in a bailey.
             The game lasted 00:19:45 (8897 turns).

gelatine the Firebug (Demonspawn Fire Elementalist) Turns: 8897, Time: 00:19:46

Health: -7/65      AC: 11    Str:  9    XL:     9   Next: 32%
Magic:  0/17       EV: 12    Int: 26    God:    Vehumet [**....]
Gold:   188        SH:  0    Dex: 13    Spells: 3/18 levels left

rFire   + . .        d - +1 falchion
rCold   + . .        (no shield)
rNeg    . . .        s - +1 troll leather armour {Pargi}
rPois   .            c - +2 hat of Laileeg {Int+5}
rElec   .            g - +2 cloak
rCorr   .            (no gloves)
SInv    .            (no boots)
Will    .....        (no amulet)
Stlth   ++           e - ring of protection from fire
HPRegen 1.10/turn    D - ring of protection from cold
MPRegen 0.15/turn

%: no passive effects
@: no status effects
A: yellow scales 1, foul stench 1, powered by death 1, weakness stinger 1
a: Renounce Religion


You were in a bailey.
You worshipped Vehumet.
Vehumet was pleased with you.
You visited 2 branches of the dungeon, and saw 8 of its levels.
You also visited: Sewer and Bailey.

You collected 338 gold pieces.
You spent 150 gold pieces at shops.

Inventory:

Hand Weapons
 d - a +1 falchion (weapon)
 k - a +3 sling
 l - a +0 spear of venom
 w - a +0 arbalest of freezing
 x - a +0 rapier
 y - a +0 whip of venom
 A - a +3 spear
Armour
 a - a +0 robe
 c - the +2 hat of Laileeg (worn) {Int+5}
   (You acquired it on level 3 of the Dungeon)

   Int+5:     It affects your intelligence (+5).
 g - a +2 cloak (worn)
 s - a +1 troll leather armour (worn) {Pargi}
 z - a scarf of shadows
 B - a +1 plate armour of fire resistance
 E - a +0 tower shield
 H - a +0 kite shield
Jewellery
 e - a ring of protection from fire (left hand)
 D - a ring of protection from cold (right hand)
Wands
 o - a wand of mindburst (4)
 F - a wand of paralysis (8)
 G - a wand of acid (3)
Scrolls
 h - 3 scrolls of teleportation
 i - a scroll of blinking
 r - 2 scrolls of enchant weapon
 u - a scroll of enchant armour
 v - a scroll of identify
Potions
 b - a potion of magic
 f - 3 potions of attraction
 j - a potion of mutation
 m - 2 potions of lignification {unknown}
 n - 6 potions of curing
 p - a potion of haste {unknown}
 q - a potion of heal wounds {unknown}
 t - a potion of cancellation {unknown}


   Skills:
 * Level 3.9 Fighting
 + Level 2.5 Long Blades
 + Level 0.5 Polearms
 + Level 0.8 Ranged Weapons
 + Level 2.3 Armour
 + Level 4.2 Dodging
 + Level 2.4 Stealth
 + Level 5.3 Spellcasting
 * Level 4.2 Conjurations
 + Level 1.0 Translocations
 * Level 6.3 Fire Magic
 + Level 2.8 Evocations


You had 3 spell levels left.
You knew the following spells:

 Your Spells              Type           Power      Damage    Failure   Level
a - Foxfire               Conj/Fire      100%       2x1d9     1%          1
b - Scorch                Fire           78%        2d8       1%          2
c - Volatile Blastmotes   Fire/Tloc      52%        2d14      7%          3
d - Inner Flame           Hex/Fire       23%        N/A       9%          3
e - Flame Wave            Conj/Fire      34%        2d10      12%         4
f - Poisonous Vapours     Pois/Air       12%        N/A       16%         2

Your spell library contained the following spells:

 Spells                   Type           Power      Damage    Failure   Level
 Magic Dart               Conj           100%       1d8       1%          1
 Kiss of Death            Conj/Necr      68%        2d10      4%          1
 Lesser Beckoning         Tloc           24%        N/A       10%         2
 Call Imp                 Summ           12%        N/A       16%         2
 Mephitic Cloud           Conj/Pois/Air  14%        N/A       17%         3
 Gell's Gravitas          Tloc           12%        N/A       21%         3
 Teleport Other           Tloc           12%        N/A       21%         3
 Confusing Touch          Hex            6%         N/A       30%         3
 Dispel Undead            Necr           6%         3d8       69%         4


Dungeon Overview and Level Annotations

Branches:
Dungeon (7/15)             Temple (1/1) D:5           Sewer (visited)
 Bailey (1/1)

Altars:
Ashenzari
Dithmenos
Fedhas
Gozag
Qazlal
Ru
Sif Muna
Trog
Uskayaw
Vehumet
Wu Jian
Xom
Yredelemnul

Shops:
D:4 :   D:6 ?

Annotations:
D:6 2 transporters


Innate Abilities, Weirdness & Mutations

You are partially covered in yellow scales. (AC +2)
You may rarely emit foul miasma when damaged in melee.
You regenerate a little health from kills.
You have a small tail.


Message History

Confirm with . or Enter, or press ? or * to list all spells.
You conjure some foxfire!
The gargoyle hurls a stone arrow at you.
The stone arrow hits you!
Unknown command.
The foxfire hits the gargoyle but does no damage.
The gargoyle is heavily damaged.
The gargoyle hurls a stone arrow at you.
The stone arrow misses you.
Your magical contamination has completely faded away.
There is a large open door here.
The gargoyle hits you with a +0 flail!
You hit the gargoyle but do no damage.
The gargoyle is heavily damaged.
The gargoyle barely misses you.
You hit the gargoyle.
The gargoyle is severely damaged.
The gargoyle hurls a stone arrow at you.
The stone arrow misses you.
You hit the gargoyle but do no damage.
The gargoyle is severely damaged.
The gargoyle hits you with a +0 flail!
You hit the gargoyle but do no damage.
You punch the gargoyle, but do no damage.
The gargoyle is severely damaged.
The gargoyle hits you with a +0 flail!!
* * * LOW HITPOINT WARNING * * *
Casting: Foxfire (safe; 1% risk of failure)
Confirm with . or Enter, or press ? or * to list all spells.
You conjure some foxfire!
The gargoyle hits you with a +0 flail.
* * * LOW HITPOINT WARNING * * *
You hit the gargoyle but do no damage.
You tail-slap the gargoyle, but do no damage.
The gargoyle is severely damaged.
The foxfire hits the gargoyle.
The gargoyle is severely damaged.
The foxfire hits the gargoyle.
The gargoyle is almost destroyed.
The gargoyle hits you with a +0 flail!
You die...

####..........##'#
#...♣.......#.÷
#..♣...♣....#÷÷
#+##+#
#.....♣.....#..
#....#
#...........###
#....####...#...♣.♣..
#....'§...####.......
#....§...##..##.....8
#...v#@9.#....#######
#....#..........
####+#......#...
#8....## #######


You could see a gargoyle.

Vanquished Creatures
  2 steam dragons
  Menkaure (D:5)
  Edmund (D:5)
  2 ice beasts (D:6)
  Pargi (Sewer)
  2 sky beasts
  2 black bears
  A centaur (D:6)
  A phantom (D:5)
  A kobold brigand (D:6)
  A bullfrog (D:7)
  A gnoll sergeant (D:6)
  A howler monkey (D:5)
  7 vampire bats (Bailey)
  4 jellies
  4 hounds
  7 iguanas
  2 sleepcaps (D:5)
  An orc wizard (D:6)
  5 gnolls
  4 adders
  A shadow imp (D:5)
  2 ufetubi (D:6)
  3 worms
  A dart slug (D:1)
  11 orcs
  8 endoplasms
  5 giant cockroaches
  11 goblins
  8 hobgoblins
  3 jackals (Sewer)
  A quokka (D:5)
  9 ball pythons
  8 bats
  2 frilled lizards
  8 kobolds
  16 orc zombies (Bailey)
  5 rats
153 creatures vanquished.

Vanquished Creatures (collateral kills)
  3 foxfires (D:6)
3 creatures vanquished.

Vanquished Creatures (others)
  645 foxfires
645 creatures vanquished.

Grand Total: 801 creatures vanquished

Notes
Turn   | Place    | Note
-------+----------+-------------------------------------------
     0 | D:1      | gelatine the Demonspawn Fire Elementalist began the quest
                  | for the Orb.
     0 | D:1      | Reached XP level 1. HP: 13/13 MP: 3/3
   465 | D:1      | Gained mutation: You regenerate a little health from kills.
                  | [demonic ancestry]
   465 | D:1      | Reached XP level 2. HP: 19/19 MP: 0/5
  1081 | D:1      | Found a faded altar of an unknown god.
  1479 | D:2      | Reached skill level 3 in Fire Magic
  1510 | D:2      | Gained mutation: You may rarely emit foul miasma when
                  | damaged in melee. [demonic ancestry]
  1510 | D:2      | Reached XP level 3. HP: 24/24 MP: 3/6
  1860 | D:2      | Learned a level 2 spell: Scorch
  1864 | D:2      | Learned a level 3 spell: Volatile Blastmotes
  2381 | D:3      | Identified a scroll of acquirement
  2381 | D:3      | Acquired the +2 hat of Laileeg {Int+5}
  2629 | D:3      | Found a glowing drain.
  2638 | D:3      | Reached XP level 4. HP: 30/30 MP: 2/8
  2650 | Sewer    | Entered a sewer
  2826 | Sewer    | Noticed Pargi
  2837 | Sewer    | Killed Pargi
  2838 | Sewer    | Reached skill level 1 in Fighting
  2838 | Sewer    | Reached XP level 5. HP: 37/37 MP: 1/9
  3128 | D:3      | Reached skill level 1 in Translocations
  3843 | D:4      | Found Zilefos's Self-Improvement Boutique.
  3883 | D:4      | Noticed a black bear
  3887 | D:4      | Killed a black bear
  3888 | D:4      | Gained mutation: You are partially covered in yellow
                  | scales. (AC +2) [demonic ancestry]
  3888 | D:4      | Reached XP level 6. HP: 44/44 MP: 5/11
  4871 | D:5      | Entered Level 5 of the Dungeon
  4890 | D:5      | Found a staircase to the Ecumenical Temple.
  4929 | Temple   | Entered the Ecumenical Temple
  4937 | Temple   | Became a worshipper of Vehumet
  4987 | D:5      | Noticed Edmund
  5001 | D:5      | Killed Edmund
  5002 | D:5      | Reached skill level 1 in Evocations
  5002 | D:5      | Reached XP level 7. HP: 32/50 MP: 1/12
  5314 | D:5      | Reached skill level 1 in Armour
  5570 | D:5      | Noticed a steam dragon
  5576 | D:5      | Killed a steam dragon
  5577 | D:5      | Reached skill level 4 in Fire Magic
  5926 | D:5      | Noticed Menkaure
  5930 | D:5      | Killed Menkaure
  5931 | D:5      | Reached XP level 8. HP: 28/57 MP: 6/14
  6586 | D:6      | Learned a level 3 spell: Inner Flame
  6591 | D:6      | Learned a level 4 spell: Flame Wave
  6625 | D:6      | Reached skill level 5 in Fire Magic
  7184 | D:6      | Noticed a kobold demonologist
  7185 | D:6      | Found a transporter.
  7190 | D:6      | Noticed a kobold demonologist
  7207 | D:6      | Reached skill level 1 in Long Blades
  7307 | D:6      | Found a transporter.
  7327 | D:6      | Reached * piety under Vehumet
  7327 | D:6      | Offered knowledge of Sandblast by Vehumet.
  7722 | D:6      | Found Sidwos's Magic Scroll Boutique.
  7730 | D:6      | Bought a scroll of enchant weapon for 75 gold pieces
  7730 | D:6      | Bought a scroll of enchant armour for 75 gold pieces
  7825 | D:6      | Reached skill level 5 in Spellcasting
  7825 | D:6      | Gained mutation: You have a small tail. [demonic ancestry]
  7825 | D:6      | Reached XP level 9. HP: 60/64 MP: 13/16
  8315 | D:7      | Reached skill level 6 in Fire Magic
  8426 | D:7      | Found a flagged portal.
  8456 | Bailey   | Entered a bailey
  8873 | Bailey   | Offered knowledge of Poisonous Vapours by Vehumet.
  8873 | Bailey   | Reached ** piety under Vehumet
  8878 | Bailey   | Learned a level 2 spell: Poisonous Vapours
  8882 | Bailey   | Noticed a gargoyle
  8897 | Bailey   | Mangled by a gargoyle

Illustrated notes

Levels and vault maps discovered:
D:1:      dpeg_arrival_refuge, layout_basic,
          shapermc_ecumenical_altar_starsandcircs
D:2:      layout_basic, minmay_tiny_reverse_x
D:3:      layout_rooms, portal_sewer_entry_b, st_stairs_4, minmay_misc_feat_x,
          minmay_misc_feat_ornament, amcnicky_mini_corridor_feature
D:4:      layout_loops_corners, nicolae_shop_self_help
D:5:      minmay_skewed_foursquare, layout_loops_corners,
          minmay_temple_entry_hall, uniq_edmund, uniq_menkaure
D:6:      gammafunk_wand_slinger, layout_layer_cave, serial_shops, shop,
          serial_bayou_crossing
D:7:      layout_layer_cave, enter_bailey_5
Temple:   eino_wide_crystal_templ
Bailey:   bailey_polearm_vampire_castle_hellmonk, bailey

Skill      XL: |  1  2  3  4  5  6  7  8  9 |
---------------+----------------------------+-----
Dodging        | 2 3 4 |  4.2
Stealth        | 2 |  2.4
Fire Magic     | 3 4 5 6 |  6.3
Fighting       | 1 2 3 |  3.9
Spellcasting   | 3 4 5 |  5.3
Conjurations   | 2 3 4 |  4.2
Translocations | 1 |  1.0
Evocations     | 1 2 |  2.8
Armour         | 1 2 |  2.3
Long Blades    | 2 |  2.5
Polearms       | |  0.5
Ranged Weapons | |  0.8

Action                     |  1- 3 |  4- 6 |  7- 9 || total
---------------------------+-------+-------+-------++-------
  Melee: Falchion          |    11 |       |    43 ||    54
         Unarmed           |     3 |       |       ||     3
         Spear             |     3 |    11 |    42 ||    56
         Punch             |       |       |     3 ||     3
         Tailslap          |       |       |     2 ||     2
   Fire: Sling             |     7 |     2 |       ||     9
   Cast: Foxfire           |    84 |   113 |   191 ||   388
         Scorch            |     3 |     4 |    40 ||    47
         Volatile Blastmot |       |     1 |       ||     1
         Flame Wave        |       |       |     2 ||     2
    Use: Scroll            |     4 |       |    12 ||    16
         Potion            |       |       |     1 ||     1
 Armour: Robe              |    17 |     9 |       ||    26
         Troll leather arm |       |    11 |    96 ||   107
  Dodge: Dodged            |    22 |    10 |    98 ||   130

Table legend: (Time is in decaauts)
 A = Elapsed time spent in this place.
 B = Non-inter-level travel time spent in this place.
 C = Inter-level travel time spent in this place.
 D = Time resting spent in this place.
 E = Time spent auto-exploring this place.
 F = Levels seen in this place.
 G = Mean time per level.
                   A        B        C        D        E       F      G
               +--------+--------+--------+--------+--------+-----+--------+
         Total |   8941 |   8675 |    266 |      0 |   7413 |  10 |  894.1 |
       Dungeon |   8159 |   7893 |    266 |      0 |   6825 |   7 | 1165.6 |
        Temple |     16 |     16 |      0 |      0 |      0 |   1 |   16.0 |
         Sewer |    323 |    323 |      0 |      0 |    255 |   1 |  323.0 |
        Bailey |    441 |    441 |      0 |      0 |    332 |   1 |  441.0 |
               +--------+--------+--------+--------+--------+-----+--------+

Top non-repeatable levels by time:
     D:5: 1868 daAuts
     D:6: 1551 daAuts
     D:4: 1303 daAuts
     D:1: 1281 daAuts
     D:2: 1040 daAuts
     D:3: 947 daAuts
  Bailey: 441 daAuts
   Sewer: 323 daAuts
     D:7: 166 daAuts
  Temple: 16 daAuts
